 Dungeon Crawl Stone Soup version 0.21.1-1-g345015f (webtiles) character file.

91 diana the Skirmisher (level 4, -8/33 HPs)
             Began as an Octopode Transmuter on June 19, 2018.
             Killed by divine providence
             ... invoked by an orc priest
              (12 damage)
             ... on level 3 of the Dungeon.
             The game lasted 00:03:07 (2478 turns).

diana the Skirmisher (Octopode Transmuter)          Turns: 2478, Time: 00:03:08

Health: -8/33      AC:  1    Str:  7 (10) XL:     4   Next: 57%
Magic:  7/7        EV: 13    Int: 15      God:
Gold:   104        SH:  0    Dex: 10 (12) Spells: 6/7 levels left

rFire    . . .     SeeInvis .     - Unarmed
rCold    . . .     Gourm    .   (no shield)
rNeg     . . .     Faith    .   (helmet restricted)
rPois    .         Spirit   .   (no amulet)
rElec    .         Reflect  .   (no ring)
rCorr    .         Harm     .   (no ring)
MR       .....     Clarity  +   (no ring)
Stlth    ++........             (no ring)
HPRegen  0.11/turn              (no ring)
MPRegen  0.10/turn              (no ring)
                                (no ring)
                                (no ring)

@: no status effects
A: almost no armour, stealthy swim, amphibious, 8 rings, constrict 8, camouflage
1, clarity, gelatinous body 1, evolution 2
a: no special abilities


You were on level 3 of the Dungeon.
You were hungry.

You visited 1 branch of the dungeon, and saw 3 of its levels.

You collected 104 gold pieces.

Inventory:

Missiles
 a - 59 arrows
Wands
 g - a wand of flame (23)
Scrolls
 d - 3 scrolls of magic mapping {unknown}
 e - 2 scrolls of immolation {unknown}
 f - 3 scrolls of identify {unknown}
 i - 2 scrolls of remove curse {unknown}
 m - a scroll of noise {unknown}
Potions
 h - a potion of degeneration
 j - a potion of mutation
 l - a potion of resistance {unknown}
Books
 b - a book of Changes

   Spells                             Type                      Level
   a - Beastly Appendage              Transmutation                1
   b - Sticks to Snakes               Transmutation                2
   c - Spider Form                    Transmutation/Poison         3
   d - Ice Form                       Ice/Transmutation            4
   e - Blade Hands                    Transmutation                5
Comestibles
 c - 3 rations


   Skills:
 + Level 4.1 Fighting
 - Level 2.0 Dodging
 * Level 3.2 Unarmed Combat
 - Level 2.0 Spellcasting
 - Level 2.0 Transmutations


You had 6 spell levels left.
You knew the following spells:

 Your Spells              Type           Power        Failure   Level  Hunger
a - Beastly Appendage     Tmut           #.....       10%         1    #......


Dungeon Overview and Level Annotations

Branches:
Dungeon (3/15)

Altars:


Innate Abilities, Weirdness & Mutations

You cannot wear most types of armour.
You are very stealthy in the water. (Stealth+)
You are amphibious.
You can wear up to eight rings at the same time.
You can use your tentacles to constrict eight enemies at once.
Your skin changes colour to match your surroundings (Stealth+).
Your rubbery body absorbs attacks. (AC +1, EV +1)
You possess an exceptional clarity of mind.
You rapidly evolve.


Message History

The goblin barely misses you.
You tentacle-slap the orc priest. Your grab misses the orc priest.
The orc priest is moderately wounded.
You tentacle-slap the orc priest. Your grab misses the orc priest.
Your squeeze misses the orc priest.
The orc priest is moderately wounded.
The goblin closely misses you.
The orc priest mumbles some strange prayers to Beogh against you.
Beogh smites you!
* * * LOW HITPOINT WARNING * * *
It was a potion of mutation.
You feel extremely strange.
You feel nature experimenting on you.
Don't worry, failures die fast.
Your genes go into a fast flux.
Your thoughts seem clearer.
The goblin closely misses you. The orc priest misses you.
It was a potion of curing.
You feel better. The goblin hits you. The orc priest hits you with a flail!
* * * LOW HITPOINT WARNING * * *
The orc priest calls down the wrath of Beogh upon you.
Beogh smites you!
You die...

....#.#
.## .....
.. ....#.#
#.#†).# #
#.##.## .#
#....o##.#
#........#
#.##.g%..#
.$.
##@####
### #.#
#.# #.#
#.# #.#
.## #.#
..# #.#
..#####
#.#


You could see an orc priest and a goblin.

Vanquished Creatures
  Robin (D:2)
  2 adders (D:2)
  A worm (D:2)
  3 dart slugs
  A leopard gecko (D:2)
  An orc (D:3)
  3 giant cockroaches
  15 goblins
  6 hobgoblins
  3 kobolds
  A quokka (D:2)
  7 bats
  A frilled lizard (D:1)
  5 rats
50 creatures vanquished.

Notes
Turn   | Place    | Note
-------+----------+-------------------------------------------
     0 | D:1      | diana the Octopode Transmuter began the quest for the Orb.
     0 | D:1      | Reached XP level 1. HP: 13/13 MP: 3/3
   334 | D:1      | Reached skill level 2 in Fighting
   334 | D:1      | Reached XP level 2. HP: 11/19 MP: 5/5
   603 | D:1      | Reached XP level 3. HP: 20/25 MP: 6/6
   863 | D:2      | Noticed Robin
   865 | D:2      | Reached skill level 3 in Fighting
   876 | D:2      | Killed Robin
   986 | D:2      | Reached XP level 4. HP: 15/33 MP: 7/7
  1414 | D:2      | Reached skill level 4 in Fighting
  1766 | D:2      | HP: 1/33 [poisoned by a goblin]
  2473 | D:3      | Gained mutation: You evolve. [potion of mutation]
  2473 | D:3      | Gained mutation: You rapidly evolve. [potion of mutation]
  2473 | D:3      | Gained mutation: You possess an exceptional clarity of mind. [potion of mutation]
  2478 | D:3      | Killed from afar by an orc priest

Skill      XL: |  1  2  3  4 |
---------------+-------------+-----
Fighting       | 2 3 4 |  4.1
Dodging        | |  2.0
Unarmed Combat | |  3.2
Spellcasting   | |  2.0
Transmutations | |  2.0

Action                   |  1- 3 |  4- 6 || total
-------------------------+-------+-------++-------
Melee: Unarmed           |    80 |    62 ||   142
       Constrict         |    27 |     9 ||    36
       Tentacles         |    14 |     6 ||    20
       Punch             |     3 |       ||     3
 Cast: Beastly Appendage |       |     1 ||     1
  Use: Potion            |       |     4 ||     4
 Stab: Sleeping          |     2 |     5 ||     7
  Eat: Chunk             |       |     4 ||     4
Armor: Skin              |    10 |     8 ||    18
Dodge: Dodged            |    57 |    35 ||    92
